 Dungeon Crawl Stone Soup version 0.24.0-13-gcf9b319 (webtiles) character file.

Game seed: 6746935222725255042, levelgen mode: deterministic

38 Balder the Vandal (level 3, -2/40 HPs)
             Began as a Human Hunter on May 3, 2020.
             Slain by a hound (3 damage)
             ... on level 2 of the Dungeon.
             The game lasted 00:06:22 (1867 turns).

Balder the Vandal (Human Hunter)                    Turns: 1867, Time: 00:06:23

Health: -2/40      AC: 21    Str: 13    XL:     3   Next: 65%
Magic:  3/3        EV:  2    Int: 16    God:
Gold:   98         SH:  0    Dex: 18    Spells: 2/2 levels left

rFire    . . .     SeeInvis .   b - +0 short sword
rCold    . . .     Gourm    .   (no shield)
rNeg     + + +     Faith    .   (armour currently unavailable)
rPois    +         Spirit   .   (helmet currently unavailable)
rElec    .         Reflect  .   (cloak currently unavailable)
rCorr    .         Harm     .   (gloves currently unavailable)
MR       .....     NoTele   +   (boots currently unavailable)
Stlth    +++.......             (no amulet)
HPRegen  0.13/turn              (no ring)
MPRegen  0.08/turn              (no ring)

@: brilliant, agile, tree-form
A: no striking features
a: no special abilities


You were on level 2 of the Dungeon.
You were not hungry.
You were a tree.
You visited 1 branch of the dungeon, and saw 2 of its levels.

You collected 98 gold pieces.

Inventory:

Hand Weapons
 a - a +1 hunting sling
 b - a +0 short sword (weapon)
Missiles
 d - 42 sling bullets
 e - 61 stones (quivered)
 h - a throwing net
Armour
 c - a +0 leather armour (melded)
Jewellery
 g - a +4 amulet of reflection {unknown}
 l - a cursed -3 ring of intelligence {unknown}
 m - an uncursed ring of magical power {unknown}
Scrolls
 i - a scroll of remove curse {unknown}
 n - 3 scrolls of identify {unknown}
 q - a scroll of teleportation {unknown}
Comestibles
 f - 2 rations
 j - 3 chunks of flesh


   Skills:
 * Level 2.0 Fighting
 * Level 1.0 Short Blades
 * Level 4.6 Slings
 * Level 0.3(2.8) Throwing
 * Level 0.4 Armour
 * Level 2.1 Dodging
 * Level 1.3 Stealth


You had 2 spell levels left.
You didn't know any spells.
Your spell library was empty.

Dungeon Overview and Level Annotations

Branches:
Dungeon (2/15)

Altars:
Makhleb


Message History

You feel clever all of a sudden. The hound bites you.
* * * LOW HITPOINT WARNING * * *
You barely miss the hound.
The hound is moderately wounded.
The hound bites you but does no damage. The hound bites you.
* * * LOW HITPOINT WARNING * * *
You hit the hound.
The hound is heavily wounded.
The hound bites you but does no damage.
It was a potion of agility.
You feel agile all of a sudden. The hound completely misses you.
The hound bites you but does no damage.
You closely miss the hound.
The hound is heavily wounded.
The hound barely misses you.
You barely miss the hound.
The hound is heavily wounded.
The hound bites you.
You die...

#. .# ## #. .# #.##. .#
##....#. #######∩_..... .#
####....# #lg...# .#
#.......## #...#
.###.##.....######.#######
............)...♣hg......>
.###.#<.....#...##########
.###.#....).#...#
..........#.#...#
####.....##.#...#
#####.......#...#
.......#.####...#
######.#.# #...#
......)..#


You could see a hound and a goblin.

Vanquished Creatures
  2 worms (D:2)
  2 giant cockroaches (D:1)
  A goblin (D:2)
  6 hobgoblins
  4 jackals
  5 bats
  A frilled lizard (D:1)
  6 kobolds
  5 rats
32 creatures vanquished.

Vanquished Creatures (others)
  4 toadstools (D:1)
4 creatures vanquished.

Grand Total: 36 creatures vanquished

Notes
Turn   | Place    | Note
-------+----------+-------------------------------------------
     0 | D:1      | Balder the Human Hunter began the quest for the Orb.
     0 | D:1      | Reached XP level 1. HP: 16/16 MP: 1/1
   108 | D:1      | Reached XP level 2. HP: 22/22 MP: 2/2
   707 | D:1      | Reached XP level 3. HP: 26/27 MP: 3/3
  1166 | D:2      | Reached skill level 1 in Short Blades
  1848 | D:2      | Found a burning altar of Makhleb.
  1861 | D:2      | HP: 2/40 [hound (2)]
  1867 | D:2      | Slain by a hound

Levels and vault maps discovered:
D:1:      ldierk_walled_garden_2, layout_basic
D:2:      layout_basic, makhleb_heckhound_becter

Skill      XL: |  1  2  3 |
---------------+----------+-----
Short Blades   | 1 |  1.0
Fighting       | |  2.0
Slings         | |  4.6
Throwing       | |  0.3
Armour         | |  0.4
Dodging        | |  2.1
Stealth        | |  1.3

Action                   || total
-------------------------++-------
Melee: Short sword       ||   105
 Fire: Hunting sling     ||    54
Throw: Stone             ||     2
  Use: Potion            ||     5
  Eat: Chunk             ||     3
Armor: Leather armour    ||    29
       Skin              ||     3
Dodge: Dodged            ||    83
